 Dungeon Crawl Stone Soup version 0.31.0-11-ge490571c62 (webtiles) character file.

Game seed: 8442726417743574650

9122 Strat the Fighter (level 11, -10/90 HPs)
             Began as a Merfolk Air Elementalist on Jan 26, 2024.
             Was a Priest of Sif Muna.
             Killed from afar by a rime drake (23 damage)
             ... with an icy flash freeze
             ... on level 10 of the Dungeon on Jan 27, 2024.
             The game lasted 00:44:10 (15635 turns).

Strat the Fighter (Merfolk Air Elementalist)       Turns: 15635, Time: 00:44:10

Health: -10/90     AC:  1    Str: 16    XL:     11   Next: 41%
Magic:  13/23      EV: 16    Int: 18    God:    Sif Muna [***...]
Gold:   485        SH:  0    Dex: 14    Spells: 13/26 levels left

rFire   . . .        b - staff of alchemy
rCold   . . .        (no shield)
rNeg    + . .        u - +2 robe {Will+}
rPois   +            l - +0 helmet
rElec   .            f - +0 cloak
rCorr   .            r - +1 pair of gloves
SInv    .            i - +0 pair of boots
Will    +....        q - amulet of faith
Stlth   +++          e - ring of wizardry
HPRegen 0.35/turn    s - ring "Pungateph" {rN+ Str+6}
MPRegen 0.18/turn

%: faith, wizardry (x1)
@: corroded
A: (nimble swimmer 2), mertail
a: Renounce Religion, Channel Magic, Forget Spell


You were on level 10 of the Dungeon.
You worshipped Sif Muna.
Sif Muna was most pleased with you.
You visited 2 branches of the dungeon, and saw 11 of its levels.

You collected 560 gold pieces.
You spent 75 gold pieces at shops.

Inventory:

Hand Weapons
 a - the +8 war axe "Gutitzan" {freeze, Str+5}
   (You found it on level 6 of the Dungeon)

   Str+5:     It affects your strength (+5).
 g - a +2 dagger of venom
 x - a +1 whip of electrocution
 A - a +0 scimitar
 E - a +0 trident
 H - a +1 spear of freezing
 I - a +0 glaive
Missiles
 D - 2 curare-tipped darts (quivered)
Armour
 f - a +0 cloak (worn)
 i - a +0 pair of boots (worn)
 l - a +0 helmet (worn)
 r - a +1 pair of gloves (worn)
 u - a +2 robe of willpower (worn)
Magical Staves
 b - a staff of alchemy (weapon)
Jewellery
 e - a ring of wizardry (left hand)
 m - a ring of protection from fire
 o - a ring of protection from cold
 q - an amulet of faith (around neck)
 s - the ring "Pungateph" (right hand) {rN+ Str+6}
   (You bought it in a shop on level 4 of the Dungeon)

   [ring of strength]

   Str+6:     It affects your strength (+6).
   rN+:       It protects you from negative energy.
Wands
 y - a wand of flame (3)
 B - a wand of roots (9)
Scrolls
 t - a scroll of brand weapon
 F - a scroll of teleportation
Potions
 c - a potion of haste {unknown}
 d - 2 potions of attraction
 h - 2 potions of might
 j - a potion of cancellation {unknown}
 k - 2 potions of magic
 n - 3 potions of curing
 p - 2 potions of resistance {unknown}
 v - 4 potions of mutation {unknown}
 w - 3 potions of heal wounds {unknown}
 z - 2 potions of berserk rage {unknown}
 C - a potion of brilliance {unknown}
 G - a potion of degeneration {unknown}


   Skills:
 - Level 10.0 Fighting
 - Level 10.0 Dodging
 - Level 5.0 Stealth
 - Level 8.0 Spellcasting
 - Level 0.7 Conjurations
 - Level 3.0 Ice Magic
 - Level 2.4 Air Magic
 - Level 8.0 Alchemy
 + Level 6.8 Invocations


You had 13 spell levels left.
You knew the following spells:

 Your Spells              Type           Power      Damage    Failure   Level
a - Sting                 Conj/Alch      100%       1d9       1%          1
c - Mercury Vapours       Alch/Air       76%        N/A       1%          2
d - Olgreb's Toxic Radia  Alch           52%        N/A       1%          4
e - Mephitic Cloud        Conj/Alch/Air  30%        N/A       2%          3
f - Summon Ice Beast      Ice/Summ       12%        N/A       6%          3

Your spell library contained the following spells:

 Spells                   Type           Power      Damage    Failure   Level
 Shock                    Conj/Air       48%        1d6       2%          1
 Ensorcelled Hibernation  Hex/Ice        24%        N/A       3%          2
 Static Discharge         Conj/Air       24%        3-4/arc   3%          2
 Slow                     Hex            28%        N/A       4%          1
 Swiftness                Air            15%        N/A       4%          3
 Hailstorm                Conj/Ice       13%        3d6       6%          3
 Dazzling Flash           Conj/Hex       16%        N/A       11%         3
 Confusing Touch          Hex            7%         N/A       12%         3
 Fugue of the Fallen      Necr           7%         N/A       12%         3
 Sigil of Binding         Hex            7%         N/A       12%         3
 Vampiric Draining        Necr           7%         2d6       12%         3
 Airstrike                Air            7%         2d(2-18)  16%         4
 Vhi's Electric Charge    Tloc/Air       22%        N/A       24%         4
 Anguish                  Hex/Necr       3%         N/A       34%         4
 Arcjolt                  Conj/Air       6%         1d16      47%         5
 Sculpt Simulacrum        Ice/Alch       20%        N/A       50%         6
 Silence                  Hex/Air        5%         N/A       52%         5
 Curse of Agony           Necr           7%         N/A       69%         5
 Summon Mana Viper        Hex/Summ       7%         N/A       69%         5
 Monstrous Menagerie      Summ           3%         N/A       100%        7
 Maxwell's Capacitive Co  Air            7%         ∞         100%        8


Dungeon Overview and Level Annotations

Branches:
Dungeon (10/15)            Temple (1/1) D:5            Lair (0/5) D:10
    Orc: D:9-12

Altars:
Ashenzari
Cheibriados
Dithmenos
Elyvilon
Fedhas
Gozag
Hepliaklqana
Kikubaaqudgha
Makhleb
Nemelex Xobeh
Okawaru
Qazlal
Ru
Sif Muna
Trog
Uskayaw
Vehumet
Wu Jian
Xom
Yredelemnul
Zin
The Shining One

Shops:
D:4 *

Annotations:
D:4 1 exclusion
D:9 Harold
D:10 Snorg


Innate Abilities, Weirdness & Mutations

((You are very nimble when in or above water. (Stealth+, EV+, Speed+++)))
Your lower body shifts to a powerful aquatic tail in water.


Message History

Okay, then.
Blink to where?
Press: ? - help, Dir - move target
As you read the scroll of blinking, it crumbles to dust.
Your surroundings suddenly seem different.
Found a scroll of brand weapon.
Your legs become a tail as you enter the water.
Your +0 pair of boots melds into your body.
Your +0 pair of boots unmelds from your body.
You start resting.
The sentinel's mark upon you fades away.
You start resting.
An acid dragon is nearby!
Casting: Summon Ice Beast (mildly dangerous; 6% risk of failure)
Confirm with . or Enter, or press ? or * to list all spells.
A chill wind blows around you.
The acid dragon roars!
The acid dragon spits acid at you. The splash of acid hits you!!
* * * LOW HITPOINT WARNING * * *
The acid corrodes you!
Your ice beast completely misses the acid dragon.
Snorg bites your ice beast!
Snorg claws your ice beast but does no damage.
Snorg misses your ice beast.
Your ice beast hits Snorg.
Your ice beast freezes Snorg!
Your ice beast hits Snorg.
Your ice beast freezes Snorg.
Your legs become a tail as you enter the water.
Your +0 pair of boots melds into your body.
Your +0 pair of boots unmelds from your body.
Found a staircase to the Lair.
The rime drake hisses angrily.
The acid dragon spits acid at you. The splash of acid hits you!!
* * * LOW HITPOINT WARNING * * *
The acid corrodes you!
There is a stone staircase leading up here.
The rime drake breathes ice at you. The icy flash freeze hits you!!
You die...

..# #÷# ### #.# #.# #.. #.#
#.# ###.# #.# #.# #.... #Y#
##.######.#.# #T#
#......)....# # ## ####D#
#..######.### #
#~.#..#.######.[# #.... #
#......~#@......# ##### #
........#.####.## #
.?........# #.# #
$...........k.# #.# #
................##.# #
...#.#...#.#....##T###########
# .....
##.##......##............
##..#.# #..
.##.#...############# #......
.. .. .....)#


You could see a rime drake (catching breath).

Vanquished Creatures
  4 two-headed ogres
  Maurice (D:10)
  A cyclops (D:9)
  A blink frog (shapeshifter) (D:9)
  Prince Ribbit (D:7)
  Grum (D:10)
  3 yaks (D:10)
  A steam dragon (D:8)
  Duvessa (D:4)
  A water moccasin (D:7)
  5 orc warriors
  A sky beast (D:6)
  2 ice beasts (D:10)
  2 ogres
  A black bear (D:4)
  3 centaurs
  7 wolves (D:10)
  A phantom (D:6)
  4 kobold brigands
  4 scorpions
  2 bullfrogs
  2 wights (D:7)
  Dowan (D:4)
  11 killer bees
  5 howler monkeys
  4 orc priests
  2 bombardier beetles (D:5)
  5 hounds
  A gnoll bouda (D:7)
  4 iguanas
  11 orc wizards
  3 sleepcaps
  Robin (D:2)
  6 gnolls
  12 adders
  2 ufetubi (D:7)
  2 dart slugs
  4 ribbon worms
  47 orcs
  4 ball pythons
  6 endoplasms
  5 giant cockroaches
  23 goblins
  8 hobgoblins
  4 jackals (D:5)
  30 kobolds
  6 quokkas
  5 bats
  8 frilled lizards
  9 rats
278 creatures vanquished.

Vanquished Creatures (collateral kills)
  An ogre (D:6)
  2 wights (D:7)
  A howler monkey (D:10)
  2 jellies (D:6)
6 creatures vanquished.

Vanquished Creatures (others)
  A kobold (D:8)
1 creature vanquished.

Grand Total: 285 creatures vanquished

Notes
Turn   | Place    | Note
-------+----------+-------------------------------------------
     0 | D:1      | Strat the Merfolk Air Elementalist began the quest for the
                  | Orb.
     0 | D:1      | Reached XP level 1. HP: 13/13 MP: 3/3
    58 | D:1      | Learned a level 1 spell: Sting
   145 | D:1      | You fall into a shaft and drop 1 floor!
   177 | D:2      | Reached skill level 1 in Alchemy
   262 | D:2      | Reached XP level 2. HP: 19/19 MP: 0/5
   313 | D:2      | Learned a level 2 spell: Mercury Vapours
   470 | D:2      | Reached XP level 3. HP: 24/24 MP: 6/6
  1241 | D:1      | Reached XP level 4. HP: 7/30 MP: 4/7
  1750 | D:2      | Noticed Robin
  1821 | D:2      | Killed Robin
  1881 | D:2      | Reached skill level 5 in Alchemy
  2047 | D:3      | Learned a level 4 spell: Olgreb's Toxic Radiance
  2094 | D:3      | Reached XP level 5. HP: 32/35 MP: 6/9
  3082 | D:4      | Identified the +1 pair of boots of Suheoc {Harm Str+3 Int+7
                  | Dex+4}
  3167 | D:4      | Noticed a black bear
  3226 | D:4      | Killed a black bear
  3227 | D:4      | Reached XP level 6. HP: 41/41 MP: 1/11
  3310 | D:4      | Noticed Duvessa
  3310 | D:4      | Noticed Dowan
  3559 | D:4      | Found Irhoc's Assorted Antiques.
  3567 | D:4      | Bought a heavily runed marble ring for 75 gold pieces
  3567 | D:4      | Identified the ring "Pungateph" {rN+ Str+6} (You bought it
                  | in a shop on level 4 of the Dungeon)
  3614 | D:4      | Reached XP level 7. HP: 33/46 MP: 4/13
  4019 | D:4      | Killed Dowan
  4023 | D:4      | Killed Duvessa
  4476 | D:5      | Entered Level 5 of the Dungeon
  4480 | D:5      | Reached skill level 5 in Spellcasting
  5023 | D:5      | Reached skill level 1 in Fighting
  5254 | D:5      | Found a staircase to the Ecumenical Temple.
  5303 | Temple   | Entered the Ecumenical Temple
  5360 | Temple   | Became a worshipper of Sif Muna the Loreminder
  5453 | D:6      | Reached XP level 8. HP: 56/56 MP: 10/16
  6306 | D:6      | Found an ornate altar of the Wu Jian Council.
  6337 | D:6      | Found a broken altar of Ashenzari.
  6339 | D:6      | Found a snail-covered altar of Cheibriados.
  6340 | D:6      | Found a hazy altar of Hepliaklqana.
  6630 | D:7      | Learned a level 3 spell: Mephitic Cloud
  6889 | D:7      | Reached skill level 5 in Fighting
  7131 | D:7      | Learned a level 3 spell: Summon Ice Beast
  7145 | D:7      | Reached * piety under Sif Muna
  7339 | D:6      | Found a sacrificial altar of Ru.
  7419 | D:6      | Identified the +8 war axe "Gutitzan" {freeze, Str+5}
  7494 | D:6      | Reached skill level 1 in Ice Magic
  7494 | D:6      | Reached XP level 9. HP: 68/68 MP: 12/19
  8414 | D:7      | Noticed Prince Ribbit
  8430 | D:7      | Killed Prince Ribbit
  9445 | D:8      | Reached ** piety under Sif Muna
  9747 | D:8      | Found a sparkling altar of Nemelex Xobeh.
  9932 | D:8      | Reached skill level 5 in Dodging
 10396 | D:8      | Found a radiant altar of Vehumet.
 10460 | D:9      | Noticed Harold
 10601 | D:9      | Reached XP level 10. HP: 73/80 MP: 18/22
 10839 | D:9      | Found a runed translucent door.
 10839 | D:9      | Noticed a boulder beetle
 11002 | D:9      | Noticed a two-headed ogre
 11034 | D:9      | Killed a two-headed ogre
 11229 | D:9      | Noticed a two-headed ogre
 11248 | D:9      | Killed a two-headed ogre
 11613 | D:9      | Noticed a two-headed ogre
 11623 | D:9      | Killed a two-headed ogre
 11724 | D:9      | Reached *** piety under Sif Muna
 12182 | D:9      | Noticed a cyclops
 12196 | D:9      | Identified the ring of Lumaps {Ice Str+4}
 12235 | D:10     | Entered Level 10 of the Dungeon
 12237 | D:10     | Noticed Snorg
 12242 | D:10     | Reached skill level 10 in Fighting
 12415 | D:10     | Noticed Maurice
 12431 | D:10     | Killed Maurice
 12669 | D:10     | Reached XP level 11. HP: 90/90 MP: 13/23
 12672 | D:10     | Reached skill level 10 in Dodging
 13450 | D:7      | Reached skill level 5 in Invocations
 14789 | D:10     | Noticed Grum
 14805 | D:10     | Killed Grum
 15033 | D:10     | Noticed a two-headed ogre
 15062 | D:10     | Killed a two-headed ogre
 15063 | D:10     | Reached skill level 5 in Stealth
 15412 | D:9      | Identified the +1 dagger of the Final Decision {venom,
                  | rPois rC+ Str-2 Stlth+}
 15412 | D:9      | Noticed a deep elf zephyrmancer
 15519 | D:9      | Killed a cyclops
 15632 | D:10     | Found a staircase to the Lair.
 15635 | D:10     | Killed from afar by a rime drake

Illustrated notes

Levels and vault maps discovered:
D:1:      minmay_arrival_jagged, layout_rooms, feat_on_display
D:2:      layout_loops_ring, uniq_robin
D:3:      layout_loops_ring, serial_bayou_pond_b
D:4:      layout_rooms, mainiacjoe_sewer_entry_somewhere_in_here_2,
          serial_shops, shop, minmay_hedge_maze, chequers_garden,
          minmay_misc_feat_roman, uniq_duvessa
D:5:      layout_basic, minmay_temple_entry_statues_pillars,
          amcnicky_mini_rare_corridor_liquid, hangedman_decor_opposing,
          nicolae_half_adder
D:6:      layout_basic, lemuel_crystal_altar, mainiacjoe_overflow_alcove_3
D:7:      layout_loops_corners, grunt_decor_mini_mirrors,
          minmay_misc_feat_doors, kb_lookout_dungeons_type, uniq_prince_ribbit1
D:8:      layout_loops_ring, nicolae_overflow_squiral, nicolae_sextant
D:9:      layout_roguey, nrook_mini_vaults, minivault_13, uniq_harold
D:10:     layout_loops_ring, hellmonk_lair_entry_icy, uniq_snorg, uniq_maurice,
          uniq_grum
Temple:   hellmonk_temple_of_storms

Skill      XL: |  1  2  3  4  5  6  7  8  9 10 11 |
---------------+----------------------------------+-----
Alchemy        | 1 3 4 5 6 7 8 |  8.0
Spellcasting   | 3 4 5 7 8 |  8.0
Fighting       | 2 5 8 10 | 10.0
Ice Magic      | 1 3 |  3.0
Dodging        | 5 9 10 | 10.0
Invocations    | 3 6 |  6.8
Stealth        | 5 |  5.0
Conjurations   | |  0.7
Air Magic      | |  2.4

Action                     |  1- 3 |  4- 6 |  7- 9 | 10-12 || total
---------------------------+-------+-------+-------+-------++-------
  Melee: Unarmed           |     7 |       |       |       ||     7
         Dagger            |    49 |    91 |    53 |       ||   193
         Punch             |       |     1 |     2 |       ||     3
         Staff             |       |       |    16 |    20 ||    36
         Tailslap          |       |       |     1 |       ||     1
         War axe           |       |       |    24 |     9 ||    33
   Cast: Sting             |    42 |    35 |       |       ||    77
         Shock             |     4 |     1 |       |       ||     5
         Olgreb's Toxic Ra |       |    10 |   109 |    66 ||   185
         Mephitic Cloud    |       |       |     2 |     9 ||    11
         Summon Ice Beast  |       |       |     2 |    25 ||    27
  Evoke: Wand              |       |       |     4 |     3 ||     7
    Use: Potion            |       |       |     3 |       ||     3
         Scroll            |       |       |     9 |     4 ||    13
   Stab: Sleeping          |     4 |     2 |     1 |       ||     7
         Distracted        |       |     1 |       |       ||     1
 Armour: Robe              |    30 |    52 |   110 |    61 ||   253
  Dodge: Dodged            |    44 |    40 |   104 |    59 ||   247
